 Dungeon Crawl Stone Soup version 0.22-a0-443-g17c3723 (webtiles) character file.

18650 xccam the Fighter (level 12, -7/117 HPs)
             Began as a Minotaur Monk on June 1, 2018.
             Mangled by a six-headed hydra (11 damage)
             ... on level 2 of the Lair of Beasts.
             The game lasted 00:31:49 (13727 turns).

xccam the Fighter (Minotaur Monk)                  Turns: 13727, Time: 00:31:51

Health: -7/117     AC:  6    Str: 16    XL:     12   Next: 29%
Magic:  0/11       EV: 17    Int:  7    God:
Gold:   772        SH: 12    Dex: 13    Spells: 11/11 levels left

rFire    . . .     SeeInvis +     - Unarmed
rCold    + . .     Gourm    .   O - +0 shield
rNeg     . . .     Faith    .   (no armour)
rPois    +         Spirit   +   (helmet restricted)
rElec    .         Reflect  +   u - scarf {Spirit}
rCorr    .         Harm     .   t - +2 pair of gloves
MR       .....                  o - +2 pair of boots
Stlth    +++.......             y - amulet "Imauc" {Reflect rC+ Dex-4 SH+3 SInv}
HPRegen  0.29/turn              d - ring of protection from magic
MPRegen  0.12/turn              q - ring "Betuam" {+Fly rPois Str-5 Dex+4 Stlth+}

@: vulnerable
A: retaliatory headbutt, horns 2
a: Evoke Flight


You were on level 2 of the Lair of Beasts.
You were hungry.

You visited 2 branches of the dungeon, and saw 13 of its levels.
You also visited: Labyrinth.

You collected 772 gold pieces.

Inventory:

Armour
 o - a +2 pair of boots (worn)
 s - a +1 cloak
 t - a +2 pair of gloves (worn)
 u - a scarf of spirit shield (worn)
 O - a +0 shield (worn)
Jewellery
 d - a ring of protection from magic (left hand)
 e - an uncursed ring of stealth
 h - a +3 ring of dexterity
 q - the ring "Betuam" (right hand) {+Fly rPois Str-5 Dex+4 Stlth+}
   (You found it in a labyrinth)

   [ring of flight]

   It affects your strength (-5).
   It affects your dexterity (+4).
   It protects you from poison.
   It lets you fly.
   It makes you more stealthy.
 y - the amulet "Imauc" (around neck) {Reflect rC+ Dex-4 SH+3 SInv}
   (You found it in a labyrinth)

   [amulet of reflection]

   It shields you and reflects attacks.
   It affects your dexterity (-4).
   It protects you from cold.
   It lets you see invisible.
   It affects your SH (+3).
 E - an uncursed amulet of the acrobat
 I - an uncursed ring of protection from magic
 J - an uncursed ring of resist corrosion
 M - an uncursed ring of ice
Wands
 r - a wand of flame (38)
 w - a wand of iceblast (22)
 z - a wand of digging (9)
 C - a wand of polymorph (25)
 F - a wand of clouds (1)
Scrolls
 a - 4 scrolls of teleportation
 c - 3 scrolls of remove curse
 g - 3 scrolls of magic mapping
 l - 2 scrolls of immolation
 n - a scroll of amnesia
Potions
 f - 2 potions of magic
 i - 2 potions of mutation
 j - 6 potions of brilliance
 k - 2 potions of lignification
 m - 3 potions of resistance
 p - 3 potions of heal wounds
 v - a potion of ambrosia
 A - 4 potions of curing
 B - 5 potions of flight
 D - 2 potions of berserk rage
 G - a potion of invisibility
 H - 3 potions of might
 K - a potion of agility
Comestibles
 b - 24 rations


   Skills:
 + Level 14.0 Fighting
 + Level 12.7 Dodging
 - Level 1.5 Stealth
 * Level 3.3 Shields
 + Level 12.9 Unarmed Combat


You had 11 spell levels left.
You didn't know any spells.
Your spell library contained the following spells:

 Spells                   Type           Power        Failure   Level  Hunger
 Cause Fear               Hex            #.........   100%        4    #####..
 Bolt of Magma            Conj/Fire/Erth #.........   100%        5    ######.
 Slow                     Hex            #.......     97%         2    ###....
 Iron Shot                Conj/Erth      #.........   100%        6    #######
 Statue Form              Tmut/Erth      #........    100%        6    #######
 Shatter                  Erth           #.........   100%        9    #######
 Corona                   Hex            #......      91%         1    ##.....
 Portal Projectile        Hex/Tloc       #.....       99%         3    ####...
 Leda's Liquefaction      Hex/Erth       #.........   100%        4    #####..
 Inner Flame              Hex/Fire       #.......     99%         3    ####...


Dungeon Overview and Level Annotations

Branches:
Dungeon (11/15)            Temple (0/1) D:5            Lair (2/6) D:8
    Orc (0/2) D:11
  Swamp: Lair:2-4    Shoals: Lair:2-4     Snake: Lair:2-4    Spider: Lair:2-4

Altars:
Ashenzari
Cheibriados
Fedhas
Okawaru
Ru
Uskayaw
Vehumet
Wu Jian
Xom
Yredelemnul
Zin
Beogh

Shops:
D:10 :


Innate Abilities, Weirdness & Mutations

You reflexively headbutt those who attack you in melee.
You have a pair of horns on your head.


Message History

The blink frog blinks!
As you read the scroll of fear, it crumbles to dust.
You assume a fearsome visage.
The six-headed hydra resists with some effort.
The bullfrog looks frightened!
The blink frog looks frightened!
The crocodile looks frightened!
The blink frog blinks!
The six-headed hydra closely misses you.
The six-headed hydra barely misses you.
You block the six-headed hydra's attack.
The six-headed hydra bites you!
* * * LOW HITPOINT WARNING * * *
You block the six-headed hydra's attack. x2
As you read the scroll labeled SIONENKA BINIRR, it crumbles to dust.
Your attack snaps the crocodile out of its fear.
Your attack snaps the bullfrog out of its fear.
Your attack snaps the blink frog out of its fear.
Magic quickly surges around you.
It was a scroll of vulnerability.
You block the six-headed hydra's attack.
The six-headed hydra bites you!
You die...

....# .#....# # #......#.
#.......## ..........##
...........F###
#............t#
............D†##
..........###@.#
#........##...F.....
#....t..#####......
#......## .....§ ....#..##
....... ..# #..## #........
...$
#...#######..............
#....F.P##.(.............
#.......F...#.......(..##...


You could see a six-headed hydra, a blink frog, a crocodile and a bullfrog
(fleeing).

Vanquished Creatures
  A minotaur (Lab)
  A centaur warrior (D:11)
  3 two-headed ogres
  The ghost of Gorglomux the Cleaver, a novice GrFi of the Shining One (D:9)
  An orc knight (D:11)
  A cyclops (D:11)
  An elephant (D:7)
  Psyche (D:8)
  2 spiny frogs (Lair:1)
  A troll (D:10)
  The ghost of Velros the Sneak, an amateur NaWr of Okawaru (D:4)
  A hornet (D:8)
  Prince Ribbit (D:4)
  4 hippogriffs
  Grum (D:11)
  16 yaks
  Eustachio (D:5)
  4 vampire mosquitoes (D:10)
  A hungry ghost (D:10)
  A basilisk (D:8)
  Menkaure (D:5)
  A water moccasin (Lair:1)
  2 porcupines (Lair:1)
  8 orc warriors
  An ice beast (D:6)
  A sky beast (shapeshifter) (D:11)
  2 black bears
  An eye of draining (D:10)
  2 phantoms
  6 sky beasts
  6 ogres
  9 centaurs
  4 crocodiles
  3 wolves (D:11)
  3 big kobolds
  2 wyvern zombies (D:7)
  2 gnoll sergeants
  9 bullfrogs
  4 scorpions
  A water moccasin skeleton (D:5)
  3 howler monkeys (D:11)
  4 wights (D:6)
  7 crimson imps
  A centaur zombie (D:5)
  4 jellies
  Crazy Yiuf (D:3)
  7 hounds
  8 orc priests
  3 bullfrog skeletons
  8 orc wizards
  4 centaur skeletons
  Jessica (D:3)
  2 iguanas
  7 worker ants
  A killer bee zombie (D:6)
  A howler monkey zombie (D:6)
  2 worker ant zombies (D:11)
  9 gnolls
  9 adders
  A howler monkey skeleton (D:4)
  3 shadow imps
  An adder zombie (D:7)
  An adder skeleton (D:8)
  4 worms
  3 dart slugs
  8 leopard geckos
  41 orcs
  4 giant cockroaches
  5 goblins
  7 hobgoblins
  12 jackals
  4 quokkas
  2 ball pythons
  11 bats
  A frilled lizard (D:2)
  13 kobolds
  A leopard gecko skeleton (D:4)
  A quokka zombie (D:6)
  4 rats
321 creatures vanquished.

Notes
Turn   | Place    | Note
-------+----------+-------------------------------------------
     0 | D:1      | xccam the Minotaur Monk began the quest for the Orb.
     0 | D:1      | Reached XP level 1. HP: 19/19 MP: 0/0
   338 | D:1      | Reached skill level 4 in Fighting
   338 | D:1      | Reached XP level 2. HP: 21/27 MP: 1/1
   797 | D:2      | Reached XP level 3. HP: 14/34 MP: 2/2
   979 | D:2      | Found an ornate altar of the Wu Jian Council.
  1736 | D:2      | Found a hide-covered altar of Uskayaw.
  1737 | D:2      | Found a shimmering altar of Xom.
  1887 | D:3      | Reached XP level 4. HP: 40/41 MP: 3/3
  1933 | D:3      | Noticed Jessica
  1942 | D:3      | Killed Jessica
  1942 | D:3      | Reached skill level 5 in Fighting
  2028 | D:3      | Found a blossoming altar of Fedhas.
  2533 | D:3      | Found a runed door.
  2756 | D:3      | Noticed Crazy Yiuf
  2764 | D:3      | Killed Crazy Yiuf
  2764 | D:3      | Reached skill level 5 in Unarmed Combat
  2764 | D:3      | Reached XP level 5. HP: 11/49 MP: 4/4
  3050 | D:4      | Found a basalt altar of Yredelemnul.
  3125 | D:4      | Noticed Velros's ghost (amateur NaWr)
  3175 | D:4      | Found a glowing silver altar of Zin.
  3188 | D:4      | Found a sacrificial altar of Ru.
  3197 | D:4      | Reached skill level 6 in Fighting
  3299 | D:4      | Reached XP level 6. HP: 57/57 MP: 5/5
  3313 | D:4      | Killed Velros's ghost
  3313 | D:4      | Reached skill level 7 in Fighting
  3483 | D:5      | Entered Level 5 of the Dungeon
  3489 | D:5      | Noticed Menkaure
  3492 | D:5      | Reached XP level 7. HP: 20/66 MP: 6/6
  3725 | D:5      | Noticed Prince Ribbit
  3985 | D:5      | Killed Menkaure
  3988 | D:5      | Noticed Eustachio
  4004 | D:5      | Killed Eustachio
  4004 | D:5      | Reached skill level 5 in Dodging
  4143 | D:4      | Killed Prince Ribbit
  4143 | D:4      | Reached skill level 8 in Fighting
  4143 | D:4      | Reached XP level 8. HP: 41/74 MP: 7/7
  4341 | D:5      | Found an iron altar of Okawaru.
  4563 | D:5      | Found a staircase to the Ecumenical Temple.
  5038 | D:6      | Reached skill level 9 in Fighting
  5076 | D:6      | Reached XP level 9. HP: 68/83 MP: 8/8
  6033 | D:6      | Reached skill level 10 in Fighting
  6299 | D:7      | Found a shattered altar of Ashenzari.
  6733 | D:7      | Reached XP level 10. HP: 94/94 MP: 9/9
  6829 | D:7      | Reached skill level 10 in Unarmed Combat
  6842 | D:7      | Found an iron altar of Okawaru.
  6847 | D:7      | Found a snail-covered altar of Cheibriados.
  7156 | D:8      | Noticed Psyche
  7174 | D:8      | Killed Psyche
  7174 | D:8      | Reached skill level 11 in Fighting
  7394 | D:8      | Reached skill level 10 in Dodging
  7619 | D:8      | Noticed a two-headed ogre
  7927 | D:7      | Killed a two-headed ogre
  8158 | D:8      | Noticed an elephant
  8197 | D:7      | Killed an elephant
  8376 | D:8      | Found a staircase to the Lair.
  8444 | D:8      | Noticed a two-headed ogre
  8452 | D:8      | Killed a two-headed ogre
  8452 | D:8      | Reached skill level 12 in Fighting
  8670 | D:9      | Found a radiant altar of Vehumet.
  8783 | D:9      | Noticed Gorglomux's ghost (novice GrFi)
  8797 | D:9      | Killed Gorglomux's ghost
  8797 | D:9      | Reached XP level 11. HP: 104/104 MP: 10/10
  9519 | Lair:1   | Entered Level 1 of the Lair of Beasts
  9566 | D:10     | Entered Level 10 of the Dungeon
 10443 | D:10     | Found Zyjoem's Book Emporium.
 10962 | D:11     | Noticed an orc knight
 10975 | D:11     | Killed an orc knight
 10981 | D:11     | Reached skill level 13 in Fighting
 11062 | D:11     | Found a labyrinth entrance.
 11066 | Lab      | Entered a labyrinth
 11306 | Lab      | Noticed a minotaur
 11321 | Lab      | Killed a minotaur
 11323 | Lab      | Got a glittering glass ring
 11323 | Lab      | Got a slimy crystal amulet
 11349 | Lab      | Identified the amulet "Imauc" {Reflect rC+ Dex-4 SH+3 SInv} (You found it in a labyrinth)
 11351 | Lab      | Identified the ring "Betuam" {+Fly rPois Str-5 Dex+4 Stlth+} (You found it in a labyrinth)
 11563 | D:11     | Noticed Grum
 11581 | D:11     | Killed Grum
 11792 | D:11     | Noticed a centaur warrior
 12031 | D:11     | Noticed a two-headed ogre
 12069 | D:11     | Killed a centaur warrior
 12074 | D:11     | Reached XP level 12. HP: 72/115 MP: 6/11
 12121 | D:11     | Reached skill level 1 in Shields
 12293 | D:11     | Killed a two-headed ogre
 12938 | D:11     | Found a staircase to the Orcish Mines.
 12960 | D:11     | Found a roughly hewn altar of Beogh.
 13503 | Lair:1   | Reached skill level 14 in Fighting
 13679 | Lair:2   | Found an iron altar of Okawaru.
 13681 | Lair:2   | Noticed a six-headed hydra
 13726 | Lair:2   | HP: 4/117 [six-headed hydra (9)]
 13727 | Lair:2   | Mangled by a six-headed hydra

Vault maps used:
D:1:      saegor_arrival_under_anarchy
D:2:      cheibrodos_helix_gallery, nicolae_overflow_hidden_temple,
          lemuel_crystal_altar
D:3:      first_ration, fedhas_altar_1, uniq_jessica, uniq_crazy_yiuf_cottage
D:4:      grunt_temple_overflow_open, yredelemnul_altar_generic
D:5:      minmay_temple_entry_purple_smoke, lemuel_statue_altar, uniq_eustachio,
          uniq_prince_ribbit1, uniq_menkaure
D:7:      slow_altar_1, ashenzari_conservatory_becter, kennysheep_mini_moat,
          grunt_ogre_cave
D:8:      david_lair_generic, uniq_psyche
D:9:      nicolae_overflow_crystal_walls
D:10:     serial_shops, nicolae_shop_stone, minmay_item_behind_shaft
D:11:     cheibrodos_elevator_heist, minmay_orc_entry_temple_small,
          lab_entry_generic, hex_large, uniq_grum
Lair:2:   basic_altar, minivault_24, minivault_26, beast_lair_carwin_6
Lab:      nicolae_lab_statue, nicolae_lab_dead_end, nicolae_lab_x

Skill      XL: |  1  2  3  4  5  6  7  8  9 10 11 12 |
---------------+-------------------------------------+-----
Fighting       | 4 5 6 7 8 9 10 12 13 14 | 14.0
Unarmed Combat | 4 5 6 7 8 9 11 12 | 12.9
Dodging        | 5 7 9 11 12 | 12.7
Shields        | 3 |  3.3
Stealth        | |  1.5

Action                   |  1- 3 |  4- 6 |  7- 9 | 10-12 || total
-------------------------+-------+-------+-------+-------++-------
Melee: Unarmed           |    79 |   109 |   290 |   590 ||  1068
       Headbutt          |    11 |    20 |    46 |   123 ||   200
       Punch             |     1 |     4 |     9 |    32 ||    46
Evoke: Wand              |       |    12 |    15 |    23 ||    50
  Use: Potion            |     1 |     1 |     1 |     2 ||     5
       Scroll            |       |     6 |     4 |    22 ||    32
 Stab: Sleeping          |    10 |     3 |     8 |    13 ||    34
       Distracted        |       |       |     1 |     1 ||     2
       Paralysed         |       |       |       |    11 ||    11
  Eat: Chunk             |     3 |     5 |     4 |    19 ||    31
       Ration            |       |       |     2 |     1 ||     3
Armor: Skin              |     4 |    23 |    39 |    72 ||   138
Dodge: Dodged            |    69 |    66 |   163 |   430 ||   728
Block: Other             |       |       |       |    17 ||    17
       Reflection        |       |       |       |     3 ||     3
       Shield            |       |       |       |    31 ||    31

Table legend:
 A = Spawn XP
 B = Non-spawn XP
 C = Spawn XP percentage of total XP
 D = Spawn monster count
 E = Non-spawn monster count
 F = Spawn count percentage of total count
 G = Total turns spent on level
                    A         B        C        D         E        F      G
               +---------+---------+-------+---------+---------+-------+---------
         Total |       0 |   26644 |   0.0 |       0 |     321 |   0.0 | 13727
               +---------+---------+-------+---------+---------+-------+---------
           D:1 |       0 |      30 |   0.0 |       0 |      13 |   0.0 |   745
           D:2 |       0 |      64 |   0.0 |       0 |      21 |   0.0 |  1132
           D:3 |       0 |     126 |   0.0 |       0 |      23 |   0.0 |  1149
           D:4 |       0 |     738 |   0.0 |       0 |      15 |   0.0 |  1069
           D:5 |       0 |    1227 |   0.0 |       0 |      23 |   0.0 |   603
           D:6 |       0 |    2078 |   0.0 |       0 |      33 |   0.0 |  1366
           D:7 |       0 |    3474 |   0.0 |       0 |      42 |   0.0 |  1531
           D:8 |       0 |    2898 |   0.0 |       0 |      31 |   0.0 |  1115
           D:9 |       0 |    2807 |   0.0 |       0 |      22 |   0.0 |   899
          D:10 |       0 |    2408 |   0.0 |       0 |      26 |   0.0 |  1444
          D:11 |       0 |    7994 |   0.0 |       0 |      63 |   0.0 |  1736
        Lair:1 |       0 |    1466 |   0.0 |       0 |       7 |   0.0 |   598
        Lair:2 |       0 |      88 |   0.0 |       0 |       1 |   0.0 |    48
           Lab |       0 |    1246 |   0.0 |       0 |       1 |   0.0 |   292
               +---------+---------+-------+---------+---------+-------+---------
